 Dungeon Crawl Stone Soup version 0.26.0-57-g60708a5e39 (webtiles) character file.

Game seed: 3279429601142681009

187 kreisler the Sneak (level 5, -6/35 HPs)
             Began as an Octopode Brigand on Feb 1, 2021.
             Mangled by a two-headed ogre
             ... wielding a +0 giant spiked club
              (29 damage)
             ... on level 3 of the Dungeon.
             The game lasted 00:07:17 (2779 turns).

kreisler the Sneak (Octopode Brigand)               Turns: 2779, Time: 00:07:17

Health: -6/35      AC:  1    Str: 10    XL:     5   Next: 66%
Magic:  5/5        EV: 17    Int: 13    God:
Gold:   206        SH:  0    Dex: 15    Spells: 4/4 levels left

rFire    . . .     SeeInvis .   a - +2 dagger
rCold    . . .     Faith    .   (no shield)
rNeg     . . .     Spirit   .   (helmet restricted)
rPois    .         Reflect  .   (no amulet)
rElec    .         Harm     .   e - +4 ring of evasion
rCorr    .         Rampage  .   (no ring)
Will     .....                  (no ring)
Stlth    +++++.....             (no ring)
HPRegen  0.11/turn              (no ring)
MPRegen  0.09/turn              (no ring)
                                (no ring)
                                (no ring)

@: no status effects
A: almost no armour, stealthy swim, amphibious, 8 rings, constrict 8, camouflage
1, gelatinous body 1
a: no special abilities


You were on level 3 of the Dungeon.
You visited 1 branch of the dungeon, and saw 3 of its levels.

You collected 206 gold pieces.

Inventory:

Hand Weapons
 a - a +2 dagger (weapon)
Missiles
 b - 18 poisoned darts (quivered)
 c - 2 curare-tipped darts
Jewellery
 e - a +4 ring of evasion (left tentacle)
 l - an uncursed ring of poison resistance {unknown}
Scrolls
 d - a scroll of remove curse {unknown}
 f - a scroll of blinking {unknown}
 g - a scroll of immolation {unknown}
 j - a scroll of identify
 k - a scroll of fog {unknown}
Potions
 h - a potion of brilliance
 i - a potion of curing


   Skills:
 + Level 2.3 Fighting
 + Level 3.1 Short Blades
 + Level 2.3 Throwing
 + Level 1.8 Dodging
 + Level 7.9 Stealth


You had 4 spell levels left.
You didn't know any spells.
Your spell library was empty.

Dungeon Overview and Level Annotations

Branches:
Dungeon (3/15)

Altars:
Vehumet
Yredelemnul


Innate Abilities, Weirdness & Mutations

You cannot wear most types of armour.
You are very stealthy in the water. (Stealth+)
You are amphibious.
You can wear up to eight rings at the same time.
You can use your tentacles to constrict eight enemies at once.
Your skin changes colour to match your surroundings (Stealth+).
Your rubbery body absorbs attacks. (AC +1, EV +1)


Message History

The two-headed ogre is heavily wounded.
You hit the two-headed ogre but do no damage.
The two-headed ogre is heavily wounded.
The two-headed ogre misses you. The two-headed ogre barely misses you.
You hit the two-headed ogre.
The two-headed ogre is severely wounded.
The two-headed ogre closely misses you. The two-headed ogre misses you.
You hit the two-headed ogre.
The two-headed ogre is severely wounded.
You hit the two-headed ogre.
The two-headed ogre is severely wounded.
The two-headed ogre closely misses you. x2
You hit the two-headed ogre.
You squeeze the two-headed ogre, but do no damage.
The two-headed ogre is severely wounded.
You hit the two-headed ogre. You squeeze the two-headed ogre.
The two-headed ogre is almost dead.
The two-headed ogre hits you with a +0 giant spiked club!!
Ouch! That really hurt!
You die...

#.#######.##.....#
#.#
#.#################
### ##.# #....).)..
#..# #...########
#.## #. ##.# #..#
#####.#
###.###......#
#.....@O# #########


You could see a two-headed ogre.

Vanquished Creatures
  Crazy Yiuf (D:2)
  An orc priest (D:3)
  4 adders
  3 oozes
  3 worms
  2 dart slugs (D:3)
  A leopard gecko (D:3)
  7 orcs (D:3)
  5 bats
  2 gnoll zombies (D:2)
  5 goblins
  4 hobgoblins
  4 quokkas
  6 ball pythons
  4 frilled lizards
  7 kobolds
  5 rats
64 creatures vanquished.

Notes
Turn   | Place    | Note
-------+----------+-------------------------------------------
     0 | D:1      | kreisler the Octopode Brigand began the quest for the Orb.
     0 | D:1      | Reached XP level 1. HP: 14/14 MP: 1/1
   229 | D:1      | Reached XP level 2. HP: 17/19 MP: 2/2
   667 | D:1      | Reached skill level 6 in Stealth
   770 | D:2      | Reached XP level 3. HP: 24/24 MP: 3/3
   921 | D:2      | Found a radiant altar of Vehumet.
  1221 | D:2      | Found a runed translucent door.
  1222 | D:2      | Noticed Crazy Yiuf
  1311 | D:2      | Found a basalt altar of Yredelemnul.
  1536 | D:2      | Killed Crazy Yiuf
  1537 | D:2      | Reached skill level 7 in Stealth
  1537 | D:2      | Reached XP level 4. HP: 29/29 MP: 4/4
  1855 | D:3      | Reached XP level 5. HP: 10/34 MP: 5/5
  2763 | D:3      | Noticed a two-headed ogre
  2779 | D:3      | Mangled by a two-headed ogre

Illustrated notes

Levels and vault maps discovered:
D:1:      eino_arrival_water_star, layout_basic
D:2:      layout_rooms, lemuel_zombie_altar_yredelemnul, vehumet_crystals,
          uniq_crazy_yiuf_cottage
D:3:      layout_rooms, chequers_serial_rivers_marsh

Skill      XL: |  1  2  3  4  5 |
---------------+----------------+-----
Stealth        | 6 7 |  7.9
Short Blades   | 3 |  3.1
Fighting       | |  2.3
Throwing       | |  2.3
Dodging        | |  1.8

Action                   |  1- 3 |  4- 6 || total
-------------------------+-------+-------++-------
Melee: Dagger            |    55 |    91 ||   146
       Constrict         |    10 |    22 ||    32
       Tentacles         |    10 |    20 ||    30
Throw: Dart              |     1 |     7 ||     8
  Use: Scroll            |     3 |     3 ||     6
       Potion            |     1 |     2 ||     3
 Stab: Sleeping          |    12 |     4 ||    16
       Distracted        |     1 |       ||     1
Armor: Skin              |       |     3 ||     3
Dodge: Dodged            |    27 |    95 ||   122
